 Dungeon Crawl Stone Soup version 0.30.1-11-g7821555f0a (webtiles) character file.

Game seed: 6139561350084877303

5 KyoPewz the Vexing (level 1, 0/7 HPs)
             Began as a Felid Enchanter on Dec 13, 2023.
             Slain by a quokka (4 damage)
             ... on level 1 of the Dungeon.
             The game lasted 00:00:23 (89 turns).

KyoPewz the Vexing (Felid Enchanter)                  Turns: 89, Time: 00:00:24

Health: 0/7        AC:  1    Str:  4    XL:     1   Next: 66%
Magic:  4/4        EV: 17    Int: 16    God:
Gold:   25         SH:  0    Dex: 16    Spells: 4/4 levels left
                                        Lives:  0   Deaths: 0

rFire   . .          .
                       - Unarmed
rCold   . . .        (shield unavailable)
rNeg    . . .        (body armour unavailable)
rPois   .            (helmet unavailable)
rElec   .            (cloak unavailable)
rCorr   .            (gloves unavailable)
SInv    +            (boots unavailable)
Will    .....        (no amulet)
Stlth   +++          (no ring)
HPRegen 0.21/turn    (no ring)
MPRegen 0.09/turn

%: no passive effects
@: quick
A: very small, claws 1, fangs 3, see invisible, speed 1, shaggy fur 1, stealthy
paws, no weapons or thrown items, no armour, multi-lived
a: no special abilities


You were on level 1 of the Dungeon.
You visited 1 branch of the dungeon, and saw 1 of its levels.

You collected 25 gold pieces.

Inventory:

Potions
 a - 2 potions of invisibility
 b - a potion of attraction {unknown}


   Skills:
 - Level 2.6 Dodging
 + Level 4.3 Stealth
 - Level 1.1 Unarmed Combat
 - Level 2.0 Spellcasting
 - Level 4.5 Hexes


You had 4 spell levels left.
You didn't know any spells.
Your spell library contained the following spells:

 Spells                   Type           Power      Damage    Failure   Level
 Confusing Touch          Hex            16%        N/A       10%         3
 Tukima's Dance           Hex            16%        N/A       10%         3
 Ensorcelled Hibernation  Hex/Ice        16%        N/A       12%         2
 Dazzling Flash           Conj/Hex       16%        N/A       24%         3


Dungeon Overview and Level Annotations

Branches:
Dungeon (1/15)

Altars:


Innate Abilities, Weirdness & Mutations

You have sharp claws.
You have razor-sharp teeth.
You have supernaturally acute eyesight. (SInv)
You cover ground quickly. (Speed+)
You are covered in fur. (AC +1)
Your paws help you pounce on unaware monsters.
You are incapable of wielding weapons or throwing items.
You cannot wear armour.
You gain extra lives every three experience levels.


Message History

The endoplasm is lightly wounded.
The endoplasm misses you.
You barely miss the endoplasm.
The endoplasm is lightly wounded.
The endoplasm hits you.
You take 1 damage, and have 6/7 hp.
You scratch the endoplasm but do no damage.
The endoplasm is lightly wounded.
The endoplasm completely misses you.
You scratch the endoplasm.
The endoplasm is almost dead.
The endoplasm closely misses you.
You barely miss the endoplasm.
The endoplasm is almost dead.
The endoplasm freezes you.
You are frozen.
You take 1 damage, and have 5/7 hp.
You scratch the endoplasm.
You kill the endoplasm!
The quokka misses you.
You scratch the quokka but do no damage.
Your bite misses the quokka. The quokka bites you.
* * * LOW HITPOINT WARNING * * *
You take 3 damage, and have 2/7 hp.
MASSIVE DAMAGE!!
You are too injured to fight recklessly!
You are too injured to fight recklessly!
You closely miss the quokka. The quokka closely misses you.
You barely miss the quokka. The quokka closely misses you.
You scratch the quokka.
The quokka is heavily wounded.
The quokka completely misses you.
You scratch the quokka but do no damage.
Your bite misses the quokka.
The quokka is heavily wounded.
The quokka closely misses you.
You closely miss the quokka.
The quokka is heavily wounded.
The quokka bites you.
Ouch! That really hurt!
You die...

#.#.....##♣♣♣.♣♣♣##.
#.#.................
#..##...####..#...##
##..######...## ..##
##.. #.### #...#.
#.#####.# #......
#.......# .......
##$.#######.......
##..@r............
#.........##......
#†..#####.# ...#.
#..## #..# ### ....#
##... #...## ##.#
#.## ... #.. ... ..#
..


You could see a quokka.

Vanquished Creatures
  A dart slug (D:1)
  An endoplasm (D:1)
  2 rats (D:1)
4 creatures vanquished.

Notes
Turn   | Place    | Note
-------+----------+-------------------------------------------
     0 | D:1      | KyoPewz the Felid Enchanter began the quest for the Orb.
     0 | D:1      | Reached XP level 1. HP: 7/7 MP: 4/4
    89 | D:1      | Slain by a quokka

Illustrated notes

Levels and vault maps discovered:
D:1:      scummos_arrival_forest, layout_rooms, serial_shops,
          nicolae_shop_temple_entry_statues_fountains

Action                     || total
---------------------------++-------
  Melee: Unarmed           ||    19
         Bite              ||     1
   Stab: Sleeping          ||     2
  Dodge: Dodged            ||    11
